 Dungeon Crawl Stone Soup version 0.28-a0-724-g66f9036eb4 (webtiles) character file.

Game seed: 6482527614701004161

0 meatgazer the Skirmisher (level 1, -16/18 HPs)
             Began as a Demonspawn Abyssal Knight on Oct 26, 2021.
             Was a Follower of Lugonu.
             Demolished by a tentacled starspawn (20 damage)
             ... on level 1 of the Abyss.
             The game lasted 00:00:13 (71 turns).

meatgazer the Skirmisher (Demonspawn Abyssal Knight)  Turns: 71, Time: 00:00:14

Health: -16/18     AC:  3    Str: 13    XL:     1   Next: 0%
Magic:  2/2        EV: 11    Int: 11    God:    Lugonu [*.....]
Gold:   0          SH:  0    Dex: 13    Spells: 0/0 levels left

rFire   . . .      SeeInvis .   a - +1 falchion
rCold   . . .      Faith    .   (no shield)
rNeg    . . .      Spirit   .   b - +0 leather armour
rPois   .          Reflect  .   (no helmet)
rElec   .          Harm     .   (no cloak)
rCorr   .          Rampage  .   (no gloves)
Will    .....                   (no boots)
Stlth   +.........              (no amulet)
HPRegen 0.06/turn               (no ring)
MPRegen 0.08/turn               (no ring)

@: no status effects
A: no striking features
a: Renounce Religion, Depart the Abyss


You were on level 1 of the Abyss.
You worshipped Lugonu.
Lugonu was aware of your devotion.
You visited 0 branches of the dungeon, and saw 0 of its levels.
You visited the Abyss 1 time.

Inventory:

Hand Weapons
 a - a +1 falchion (weapon)
Armour
 b - a +0 leather armour (worn)
Scrolls
 d - a scroll of identify {unknown}


   Skills:
 + Level 3.0 Fighting
 + Level 1.7 Long Blades
 + Level 1.7 Armour
 + Level 0.8 Dodging
 + Level 2.4 Invocations


You couldn't memorise any spells.
You didn't know any spells.
Your spell library was empty.

Dungeon Overview and Level Annotations

Branches:
Dungeon (0/15)

Altars:


Message History

It is said that the Orb of Zot exists deep within this dungeon.
Lugonu says: Depart the Abyss and spread corruption, my servant! (use the ability menu to exit the Abyss) Press ? for a list of commands and other information.
Found a scroll labelled FONWOE KOYM.
Found a corrupted altar of Lugonu.
c - a scroll labelled FONWOE KOYM
Found a hunting sling.
d - a scroll labelled MASSOF YPI
Found a dagger.
Found a hand axe.
A tentacled starspawn comes into view.
You see here a +0 hand axe.
A tentacled starspawn is nearby!
As you read the scroll labelled FONWOE KOYM, it crumbles to dust.
Wisps of shadow whirl around you...
It was a scroll of summoning.
Tentacles burst from the starspawn's body! 2 starspawn tentacles come into view.
Unknown command.
Unknown command.
Your large abomination hits the starspawn tentacle!
The starspawn tentacle grabs your large abomination.
The starspawn tentacle constricts your large abomination.
Something loses its grip on your large abomination.
Your large abomination hits the starspawn tentacle segment but does no damage.
Something grabs your orange demon.
Your orange demon is constricted.
Your orange demon struggles to escape constriction.
The starspawn tentacle loses its grip on your orange demon.
The tentacle pulls your orange demon backwards!
Something grabs your large abomination.
Your large abomination is constricted.
You see here a smoky emerald potion.
Your large abomination hits the starspawn tentacle!!
The starspawn tentacle is destroyed!
Something loses its grip on your large abomination.
Your orange demon stings the tentacled starspawn!
Your orange demon hits the tentacled starspawn.
The tentacled starspawn bites you!
Ouch! That really hurt!
* * * LOW HITPOINT WARNING * * *
The tentacled starspawn tentacle-slaps you!!
Ouch! That really hurt!
You die...

#.###.. ..#.#
.# #. #...#
#### .
#..#.#..#
###..#
#...#..#.### #
# #.##.#.. ##
#.#.).#.# ..#
...##4..###..
#....X#.#.#
#.../#.#@.!.#
.##/./##..#..#
#<./# ###..##
...X# #...
###. ..#.# #
#..## #... ...


You could see a tentacled starspawn and a friendly orange demon (summoned).

Vanquished Creatures (collateral kills)
  A starspawn tentacle (Abyss:1)
1 creature vanquished.

Notes
Turn   | Place    | Note
-------+----------+-------------------------------------------
     0 | Abyss:1  | meatgazer the Demonspawn Abyssal Knight began the quest for
                  | the Orb.
     0 | Abyss:1  | Reached XP level 1. HP: 18/18 MP: 2/2
    64 | Abyss:1  | Noticed a tentacled starspawn
    71 | Abyss:1  | Demolished by a tentacled starspawn

Illustrated notes

Levels and vault maps discovered:
Abyss:1:  base: Temple, base:
Temple

Action                   || total
-------------------------++-------
  Use: Scroll            ||     1

Table legend: (Time is in decaauts)
 A = Elapsed time spent in this place.
 B = Non-inter-level travel time spent in this place.
 C = Inter-level travel time spent in this place.
 D = Time resting spent in this place.
 E = Time spent auto-exploring this place.
 F = Levels seen in this place.
 G = Mean time per level.
                   A        B        C        D        E       F      G
               +--------+--------+--------+--------+--------+-----+--------+
         Total |     71 |     71 |      0 |      0 |     59 |   1 |   71.0 |
         Abyss |     71 |     71 |      0 |      0 |     59 |   1 |   71.0 |
               +--------+--------+--------+--------+--------+-----+--------+

Top non-repeatable levels by time:
 Abyss:1: 71 daAuts
